 Dungeon Crawl Stone Soup version 0.17.0-24-gcfadda4 (webtiles) character file.

347 Proton the Sneak (level 6, -7/57 HPs)
             Began as a Naga Fighter on Nov 16, 2015.
             Mangled by Duvessa
             ... wielding a +0 short sword
              (11 damage)
             ... on level 5 of the Dungeon.
             The game lasted 00:09:48 (3400 turns).

Proton the Sneak (Naga Fighter)                     Turns: 3400, Time: 00:09:48

Health: -7/57      AC:  6    Str: 20    XL:     6   Next: 59%
Magic:  6/6        EV:  7    Int:  8    God:
Gold:   187        SH:  9    Dex: 11    Spells: 0 memorised, 5 levels left

rFire  + . .     SeeInvis +     a - +1 long sword
rCold  . . .     Clarity  .     m - +0 ring mail {rF+}
rNeg   . . .     SustAt   .     c - +0 shield
rPois  +         Gourm    .     (no helmet)
rElec  .         Spirit   .     (no cloak)
rCorr  .         Warding  .     j - +0 pair of gloves
rMut   .         Stasis   .     (no barding)
MR     .....                    (no amulet)
Stlth  ++........               (no ring)
                                (no ring)

@: short of breath, very slow, not resistant to hostile enchantments, unstealthy
A: see invisible, deformed body, poison resistance, slowness 2, slow metabolism
1, spit poison 2, AC +2
a: Spit Poison


You were on level 5 of the Dungeon.
You were not hungry.

You visited 1 branch of the dungeon, and saw 5 of its levels.

You collected 187 gold pieces.

Inventory:

Hand Weapons
 a - a +1 long sword (weapon)
 x - a +0 blowgun
Missiles
 w - 14 poisoned needles
Armour
 c - a +0 shield (worn)
 j - a +0 pair of gloves (worn)
 m - a +0 ring mail of fire resistance (worn)
Scrolls
 g - a scroll of amnesia {unknown}
Potions
 d - a potion of might
 e - a potion of resistance
 f - 4 potions of curing
 i - a potion of brilliance {unknown}
 k - a potion of flight {unknown}
 n - a potion of agility {unknown}
 o - 2 potions of heal wounds {unknown}
 p - a potion of haste
 t - 2 potions of lignification {unknown}
 v - a potion of invisibility
Comestibles
 q - 6 meat rations


   Skills:
 + Level 3.8 Fighting
 + Level 3.3 Long Blades
 + Level 3.2 Armour
 + Level 1.7 Dodging
 + Level 4.0 Stealth
 + Level 3.4 Shields


You had 5 spell levels left.
You didn't know any spells.

Dungeon Overview and Level Annotations

Branches:
Dungeon (5/15)
 Temple: D:4-7

Altars:

Annotations:
D:5 Duvessa


Innate Abilities, Weirdness & Mutations

You cannot wear boots.
Your serpentine skin is tough (AC +2).
You have supernaturally acute eyesight.
Armour fits poorly on your strangely shaped body.
Your system is resistant to poisons.
You cover ground very slowly.
You have a slow metabolism.
You can spit poison.


Message History

Aim: Dowan, wielding a dagger and wearing a robe (severely wounded, fast)
The splash of poison hits Dowan.
You kill Dowan!
Duvessa screams, "No!
How DARE you!"
Duvessa goes berserk!
Your Stealth skill increases to level 4!
You feel slightly more hungry. Duvessa hits you with a short sword!
Duvessa hits you with a short sword!
* * * LOW HITPOINT WARNING * * *
You closely miss Duvessa.
Duvessa is severely wounded.
You block Duvessa's attack.
You completely miss Duvessa.
Duvessa is severely wounded.
You block Duvessa's attack. Duvessa hits you with a short sword.
* * * LOW HITPOINT WARNING * * *
You slash Duvessa!
Duvessa is almost dead.
Duvessa hits you but does no damage. Duvessa hits you with a short sword!
You die...

#.. #. #.#
##. ## #.. .
..> ..# #.
#.# ###
#.##.# ....#
#..# #
#.####.)##.#
........@e.#
# #####..####
#...####..#
#.......#
#...####.####
# #...(#
####.# #.# #.
# #.# #.#####


You could see Duvessa (berserk).

Vanquished Creatures
  A centaur (D:5)
  Dowan (D:5)
  A hound (D:4)
  2 orc wizards (D:3)
  7 adders
  A worm (D:2)
  4 giant geckos
  7 orcs
  2 giant cockroaches
  12 goblins
  4 hobgoblins
  8 jackals
  A ball python (D:2)
  11 bats
  2 giant newts (D:2)
  5 kobolds
  10 rats
79 creatures vanquished.

Notes
Turn   | Place    | Note
--------------------------------------------------------------
     0 | D:1      | Proton the Naga Fighter began the quest for the Orb.
     0 | D:1      | Reached XP level 1. HP: 21/21 MP: 1/1
   441 | D:1      | Reached XP level 2. HP: 28/28 MP: 2/2
  1191 | D:1      | Reached XP level 3. HP: 31/34 MP: 3/3
  1331 | D:1      | Reached skill level 1 in Stealth
  1375 | D:2      | Reached skill level 1 in Dodging
  1674 | D:2      | Reached XP level 4. HP: 42/42 MP: 4/4
  2541 | D:3      | Reached XP level 5. HP: 44/49 MP: 5/5
  2831 | D:4      | Noticed a phantom
  2863 | D:5      | Entered Level 5 of the Dungeon
  3106 | D:5      | Noticed a centaur
  3115 | D:5      | Killed a centaur
  3115 | D:5      | Reached XP level 6. HP: 17/56 MP: 6/6
  3378 | D:5      | Noticed Dowan
  3380 | D:5      | Noticed Duvessa
  3397 | D:5      | Killed Dowan
  3397 | D:5      | Reached skill level 4 in Stealth
  3400 | D:5      | Mangled by Duvessa

Action                   |  1- 3 |  4- 6 || total
-------------------------+-------+-------++-------
Melee: Long sword        |   143 |   176 ||   319
 Abil: Spit Poison       |     2 |     9 ||    11
  Use: Scroll            |       |     7 ||     7
  Eat: Bread ration      |     1 |     1 ||     2
